cohdb
Replays
Latest Replays
All Replays
Popular Replays
Top Player Replays
Match Explorer
How It Works
Community
CoH3 Stats
Reddit
Sign in to upload your games and track your stats! →
Sign in with Steam
Match 41507863
Unlisted
Match 41507863
Overview
Messages
Build Orders
End
Kradschützen Motorcycle Team
Panzergrenadier Squad
250 Light Carrier
Construct Light Support Kompanie
Combat Half-tracks
Selects Panzerjäger Kommand Battlegroup
Selects GrB 39 Grenade Launcher Requisition
Construct Mechanized Kompanie
8 Rad Armored Car
Panzerjäger Mechanized Group
Vehicle Survival Package
8 Rad Armored Car
254 Reconnaissance Tractor
Support Armor Elements
StuG III D Assault Gun
Panzerjäger Mechanized Group
Selects Mine Fields
Selects Defensive Positions
Selects Butterfly Bomb Drop
Butterfly Bomb Drop
Emergency Repair Kits
Tungsten Core Ammunition
Construct Panzerarmee Kommand
Butterfly Bomb Drop
2.5-tonne Medical Truck
Selects Crew Shock Tactics
hooveric
Lation_kasler
retreat_plz
zintoko
guxun
naru
0
0
Comments
sign in to comment!
No comments posted yet!